 Dungeon Crawl Stone Soup version 0.31.0-9-g3a7656b989 (webtiles) character file.

Game seed: 9708389994977648759

72 EnegeticOcto the Ruffian (level 4, 44/44 HPs)
             Began as a Troll Monk on Jan 31, 2024.
             Quit the game on level 2 of the Dungeon.
             The game lasted 00:00:48 (1163 turns).

EnegeticOcto the Ruffian (Troll Monk)               Turns: 1163, Time: 00:00:49

Health: 44/44      AC:  4    Str: 19    XL:     4   Next: 7%
Magic:  3/3        EV: 10    Int:  6    God:
Gold:   77         SH:  0    Dex: 14    Spells: 3/3 levels left

rFire   . .          .
                       - Unarmed
rCold   . . .        c - orb {light}
rNeg    . . .        a - +0 robe
rPois   .            (helmet restricted)
rElec   .            (no cloak)
rCorr   .            (gloves unavailable)
SInv    .            (boots unavailable)
Will    .....        (no amulet)
Stlth   +            (no ring)
HPRegen 1.07/turn    (no ring)
MPRegen 0.08/turn

%: no passive effects
@: glowing
A: large, unfitting armour, claws 3, regeneration 1, shaggy fur 1, tough skin 1
a: no special abilities


You were on level 2 of the Dungeon.
You visited 1 branch of the dungeon, and saw 2 of its levels.

You collected 77 gold pieces.

Inventory:

Armour
 a - a +0 robe (worn)
 c - an orb of light (worn)
Jewellery
 h - a ring of resist corrosion
   (You found it on level 2 of the Dungeon)
Scrolls
 f - 2 scrolls of enchant armour {unknown}
 g - a scroll of blinking {unknown}
 i - a scroll of enchant weapon {unknown}
 j - a scroll of teleportation {unknown}
 k - a scroll of identify {unknown}
Potions
 b - a potion of ambrosia
 d - 3 potions of curing {unknown}
 e - 3 potions of mutation {unknown}
 l - a potion of degeneration {unknown}


   Skills:
 + Level 2.9 Fighting
 + Level 2.9 Dodging
 * Level 4.1 Unarmed Combat


You had 3 spell levels left.
You didn't know any spells.
Your spell library was empty.

Dungeon Overview and Level Annotations

Branches:
Dungeon (2/15) Zot: 10842

Altars:


Innate Abilities, Weirdness & Mutations

You are too large for most types of armour.
You have claws for hands.
Your natural rate of healing is unusually fast.
You are covered in fur. (AC +1)
You have tough skin. (AC +1)


Message History

You scratch the quokka but do no damage.
The quokka barely misses you.
You scratch the quokka.
The quokka is moderately wounded.
The quokka bites you.
You claw the quokka!
You kill the quokka!
You claw the kobold!
You kill the kobold!
No target in view!
No target in view!
No target in view!
No target in view!
No target in view!
No target in view!
HP restored.
Things that are here:
a +0 dagger; a quokka corpse
Found an escape hatch in the ceiling.
k - a scroll labelled UCIMUAVAU HAIVO
There is an escape hatch in the ceiling here.
You now have 69 gold pieces (gained 7).
l - a fuming puce potion A ball python comes into view.
Found an escape hatch in the floor.
A ball python is nearby!
You barely miss the ball python.
The ball python bites you but does no damage. x2
You closely miss the ball python. The ball python misses you.
You scratch the ball python but do no damage.
The ball python barely misses you.
You scratch the ball python but do no damage.
The ball python completely misses you.
You claw the ball python!
You kill the ball python!
No target in view!
You see here a ball python corpse.
There is an escape hatch in the floor here.
You see here a ball python corpse.
A goblin comes into view.
It is wielding a +3 dagger of electrocution.
The goblin shouts!
A goblin is nearby!
A goblin is nearby!
A goblin is nearby!
A goblin is nearby!
You scratch the goblin but do no damage.
The goblin barely misses you.
You scratch the goblin.
You kill the goblin!
No target in view!
No target in view!
No target in view!
No target in view!
You see here a +3 dagger of electrocution.
There is a stone staircase leading down here.
Things that are here:
a +0 dagger; an adder skeleton
Things that are here:
a +0 dagger; a quokka corpse You open the large door.
A kobold and a rat come into view.
The kobold shouts!
The rat squeaks loudly.
Found 8 gold pieces, a purple potion and a grey potion.
There are monsters nearby!
There are monsters nearby!
There is a large open door here.
You claw the kobold!
You kill the kobold!
You claw the rat!
You kill the rat!
No target in view!
No target in view!
No target in view!
No target in view!
No target in view!
No target in view!
Things that are here:
a +0 short sword; a stone; a kobold corpse You now have 77 gold pieces (gained 8).
e - 3 purple potions (gained 1)
d - 3 grey potions (gained 1)
An adder comes into view.
The adder hisses angrily.
An adder is nearby!
An adder is nearby!
The adder barely misses you.
You claw the adder!
You kill the adder!
You have reached level 4!
You see here an adder corpse.
Done exploring.
Done exploring.
Done exploring.
Done exploring.
Done exploring.
Done exploring.
Done exploring.
No target in view!
Done exploring.
Are you sure you want to abandon this character and quit the game? (Confirm with "yes".)

########## ##≈≈≈≈≈≈≈≈##
##≈≈......≈≈##
##≈≈...##...≈≈##
##≈≈....##....≈≈##
##≈≈..@..##.....≈≈##
######≈≈......##......≈≈#
#....#≈......####......≈#
#....#≈†....## ##....†≈# ####
#....'..##### #####.≈#
...###.##.'.)##### #####.≈#
##........#≈.....## ##.....≈#
#####)####≈......####......≈#
####...# #≈≈......##......≈≈#


There were no monsters in sight!

Vanquished Creatures
  2 adders (D:2)
  A ribbon worm (D:2)
  A dart slug (D:1)
  8 bats (D:1)
  An endoplasm (D:1)
  3 giant cockroaches
  3 goblins
  7 hobgoblins (D:1)
  2 quokkas
  6 ball pythons
  6 frilled lizards (D:1)
  5 kobolds
  8 rats
53 creatures vanquished.

Notes
Turn   | Place    | Note
-------+----------+-------------------------------------------
     0 | D:1      | EnegeticOcto the Troll Monk began the quest for the Orb.
     0 | D:1      | Reached XP level 1. HP: 22/22 MP: 0/0
   117 | D:1      | Reached XP level 2. HP: 29/29 MP: 1/1
   512 | D:1      | Reached XP level 3. HP: 36/36 MP: 2/2
   957 | D:2      | Reached skill level 4 in Unarmed Combat
  1147 | D:2      | Reached XP level 4. HP: 44/44 MP: 3/3
  1163 | D:2      | Quit the game

Illustrated notes

Levels and vault maps discovered:
D:1:      spicycebolla_green_bress_n_ham, layout_basic, interstate_on_off
D:2:      layout_rooms, kennysheep_cross_room

Skill      XL: |  1  2  3 |
---------------+----------+-----
Unarmed Combat | 4 |  4.1
Fighting       | |  2.9
Dodging        | |  2.9

Action                     |  1- 3 |  4- 6 || total
---------------------------+-------+-------++-------
  Melee: Unarmed           |    91 |       ||    91
 Armour: Robe              |    44 |       ||    44
  Dodge: Dodged            |    49 |       ||    49

Table legend:
 A = Kills in this place as a percentage of kills in the entire game.
 B = Kills by you in this place as a percentage of kills by you in the entire game.
 C = Kills by friends in this place as a percentage of kills by friends in the entire game.
 D = Other kills in this place as a percentage of other kills in the entire game.
 E = Experience gained in this place as a percentage of experience gained in the entire game.
 F = Experience gained in this place divided by the number of levels of this place that you have seen.
                   A       B       C       D       E      F
               +-------+-------+-------+-------+-------+----------------------
         Total | 100.0 | 100.0 |   N/A |   N/A | 100.0 |  52.0
       Dungeon | 100.0 | 100.0 |   N/A |   N/A | 100.0 |  52.0
               +-------+-------+-------+-------+-------+----------------------

Table legend: (Time is in decaauts)
 A = Elapsed time spent in this place.
 B = Non-inter-level travel time spent in this place.
 C = Inter-level travel time spent in this place.
 D = Time resting spent in this place.
 E = Time spent auto-exploring this place.
 F = Levels seen in this place.
 G = Mean time per level.
                   A        B        C        D        E       F      G
               +--------+--------+--------+--------+--------+-----+--------+
         Total |   1157 |   1127 |     30 |      0 |    897 |   2 |  578.5 |
       Dungeon |   1157 |   1127 |     30 |      0 |    897 |   2 |  578.5 |
               +--------+--------+--------+--------+--------+-----+--------+

Top non-repeatable levels by time:
     D:1: 805 daAuts
     D:2: 351 daAuts
